 Dungeon Crawl Stone Soup version 0.23.2-30-g0e89c35649 (webtiles) character file.

Game seed: 6627479375460923812

13461 Danqa the Covert (level 11, 0/56 HPs)
             Began as a Spriggan Assassin on June 24, 2019.
             Was a High Priest of Wu Jian.
             Slain by Rupert
             ... wielding a +4 antimagic battleaxe
              (24 damage)
             ... on level 12 of the Dungeon.
             The game lasted 00:50:16 (17281 turns).

Danqa the Covert (Spriggan Assassin)               Turns: 17281, Time: 00:50:19

Health: 0/56       AC:  4    Str:  7    XL:     11   Next: 75%
Magic:  10/23      EV: 30    Int: 16    God:    Wu Jian [*****.]
Gold:   531        SH:  0    Dex: 21    Spells: 20/24 levels left

rFire    . . .     SeeInvis +   o - +5 short sword (venom)
rCold    . . .     Gourm    .   (shield restricted)
rNeg     . . .     Faith    .   c - +0 robe
rPois    .         Spirit   .   k - +0 hat {Int+3}
rElec    .         Reflect  .   F - +1 cloak (curse)
rCorr    .         Harm     .   (gloves unavailable)
MR       +....                  (boots unavailable)
Stlth    ++++++....             (no amulet)
HPRegen  0.18/turn              (no ring)
MPRegen  0.18/turn              (no ring)

@: very quick
A: very small, unfitting armour, see invisible, herbivore, speed 3, slow
metabolism 2
a: Wall Jump, Serpent's Lash, Heavenly Storm, Renounce Religion


You were on level 12 of the Dungeon.
You worshipped Wu Jian.
Wu Jian was extremely pleased with you.
You were not hungry.

You visited 3 branches of the dungeon, and saw 14 of its levels.
You also visited: Sewer.

You collected 576 gold pieces.
You spent 45 gold pieces at shops.

Inventory:

Hand Weapons
 a - a +2 dagger
 b - a +0 blowgun
 o - a +5 short sword of venom (weapon)
 K - a +4 short sword of freezing
Missiles
 e - 39 poisoned needles
 f - 6 curare-tipped needles
 E - 7 needles of frenzy
Armour
 c - a +0 robe (worn)
 d - a +0 cloak
 k - a +0 hat of intelligence (worn)
 F - a cursed +1 cloak (worn)
Wands
 v - a wand of iceblast (7)
 z - a wand of paralysis (13)
 A - a wand of flame (6)
 J - a wand of disintegration (23)
Scrolls
 h - 2 scrolls of magic mapping
 i - 3 scrolls of fog
 j - 5 scrolls of remove curse {unknown}
 l - 2 scrolls of enchant weapon
 n - 4 scrolls of amnesia
 y - 4 scrolls of identify
 B - 2 scrolls of teleportation
 C - 2 scrolls of blinking {unknown}
 D - a scroll of silence
 G - a scroll of fear
 H - a scroll of vulnerability {unknown}
Potions
 m - 4 potions of curing
 p - a potion of brilliance {unknown}
 q - 3 potions of lignification
 r - a potion of agility {unknown}
 s - a potion of invisibility {unknown}
 t - 4 potions of flight
 u - a potion of heal wounds
 w - 3 potions of cancellation
 x - 2 potions of mutation
 I - a potion of haste {unknown}
 L - a potion of resistance {unknown}
Comestibles
 g - 15 rations


   Skills:
 + Level 5.2 Fighting
 + Level 10.5 Short Blades
 - Level 3.1 Throwing
 * Level 12.1 Dodging
 + Level 14.4 Stealth
 * Level 7.4 Spellcasting
 * Level 6.8 Hexes
 + Level 2.6 Evocations


You had 20 spell levels left.
You knew the following spells:

 Your Spells              Type           Power        Failure   Level  Hunger
a - Confusing Touch       Hex            ####..       1%          1    None
b - Confuse               Hex            ####....     1%          3    ##.....

Your spell library contained the following spells:

 Spells                   Type           Power        Failure   Level  Hunger
 Animate Skeleton         Necr           N/A          12%         1    None
 Apportation              Tloc           #.....       12%         1    None
 Freeze                   Ice            #...         12%         1    None
 Summon Small Mammal      Summ           #...         12%         1    None
 Gell's Gravitas          Tloc           #.........   34%         3    ##.....
 Metabolic Englaciation   Hex/Ice        ###.......   63%         5    #####..
 Yara's Violent Unravell  Hex/Tmut       ###.......   63%         5    #####..
 Ice Form                 Ice/Tmut       #.......     75%         4    ####...
 Petrify                  Tmut/Erth      #.......     75%         4    ####...
 Summon Ice Beast         Ice/Summ       #.......     75%         4    ####...
 Freezing Cloud           Conj/Ice/Air   #.........   100%        6    #######


Dungeon Overview and Level Annotations

Branches:
Dungeon (12/15)            Temple (1/1) D:4            Lair (1/6) D:8
    Orc (0/2) D:11

Altars:
Qazlal
Ru
Trog
Uskayaw
Wu Jian
Yredelemnul
The Shining One

Shops:
D:5 *   D:6 }%   D:7 *

Annotations:
D:12 Rupert


Innate Abilities, Weirdness & Mutations

You are very small and have problems with some larger weapons.
You are too small for most types of armour.
You have supernaturally acute eyesight. (SInv)
You are a herbivore.
You cover ground extremely quickly.
You need to consume almost no food.


Message History

You attack Rupert from above.
You completely miss Rupert.
Rupert is lightly wounded.
Rupert completely misses you.
Firing (i - inventory. (/) - cycle)
f - 7 curare-tipped needles (quivered)
Press: ? - help, Shift-Dir - straight line, f - Rupert
Aim: Rupert, wielding a +4 antimagic battleaxe and wearing a +4 scale mail of fire resistance (lightly wounded, berserk, fast, unusually strong, poisoned)
You shoot a curare-tipped needle. The curare-tipped needle hits Rupert.
Rupert looks as sick as possible!
Rupert convulses.
Rupert seems to slow down.
Rupert is moderately wounded.
Your +5 short sword of venom begins to drip with poison!
o - a +5 short sword of venom (weapon)
Aiming: Wall Jump
Press: ? - help, Dir - move target cursor, p - Rupert You repeatedly attack Rupert from above.
You barely miss Rupert.
Rupert is moderately wounded.
You hit Rupert.
Rupert looks as sick as possible!
Rupert is moderately wounded.
Rupert hits you with a +4 antimagic battleaxe!!
You die...

########
#......#
######......#
#.°○°.......#
#.@@○.......#
#.○○##......#
#...##......#
#...##......#
#....#......#
#....#....<.#
+....#......#
#...#######+#
#...#


You could see Rupert (berserk).

Vanquished Creatures
  Gastronok (D:8)
  Harold (D:8)
  Erolcha (D:9)
  A two-headed ogre (D:11)
  Erica (D:8)
  Pikel (D:7)
  An ugly thing (D:11)
  2 cyclopes (D:11)
  Joseph (D:8)
  A centaur zombie (D:11)
  A troll (D:11)
  A hippogriff (D:5)
  A wraith (D:11)
  9 yaks (D:10)
  2 wargs (D:8)
  The ghost of Brecoman the Bolt Thrower, an amateur KoHu of Ashenzari (D:3)
  3 black bears
  10 orc warriors
  2 slaves (D:7)
  4 ogres
  A phantom (D:5)
  4 centaurs
  2 big kobolds
  5 bullfrogs
  A water moccasin zombie (D:7)
  A wyvern skeleton (D:11)
  A scorpion (D:8)
  5 wights (D:11)
  3 howler monkeys (D:5)
  8 crimson imps
  8 hounds
  4 jellies
  2 bullfrog skeletons (D:7)
  A bullfrog zombie (D:8)
  9 orc priests
  14 orc wizards
  An iguana (D:5)
  8 worker ants
  A hound skeleton (D:10)
  A worker ant zombie (D:7)
  A howler monkey zombie (D:5)
  4 river rats (Sewer)
  12 adders
  7 oozes
  2 adder skeletons (D:6)
  7 worms
  A dart slug (D:1)
  11 leopard geckos
  65 orcs
  2 giant cockroaches
  2 gnoll zombies (D:7)
  8 goblins
  11 hobgoblins
  23 jackals
  A quokka (D:7)
  5 ball pythons
  9 bats
  2 frilled lizards
  A jackal zombie (D:5)
  16 kobolds
  2 quokka skeletons
  12 rats
329 creatures vanquished.

Vanquished Creatures (others)
  Menkaure (D:7)
  A slave (D:7)
  An orc (D:8)
  A quokka (D:7)
4 creatures vanquished.

Grand Total: 333 creatures vanquished

Notes
Turn   | Place    | Note
-------+----------+-------------------------------------------
     0 | D:1      | Danqa the Spriggan Assassin began the quest for the Orb.
     0 | D:1      | Reached XP level 1. HP: 10/10 MP: 2/2
   188 | D:1      | Reached skill level 6 in Stealth
   195 | D:1      | Reached XP level 2. HP: 8/14 MP: 3/3
  1058 | D:1      | Reached XP level 3. HP: 16/18 MP: 4/4
  1444 | D:2      | Reached skill level 7 in Stealth
  2096 | D:2      | Reached XP level 4. HP: 21/23 MP: 5/5
  3616 | D:3      | Found a runed translucent door.
  3616 | D:3      | Noticed Brecoman's ghost (amateur KoHu)
  3814 | D:3      | Reached XP level 5. HP: 26/26 MP: 6/6
  4613 | D:4      | Noticed an ogre
  4662 | D:4      | Killed an ogre
  4662 | D:4      | Reached skill level 8 in Stealth
  4940 | D:4      | Reached XP level 6. HP: 31/31 MP: 7/7
  5198 | D:4      | Found a staircase to the Ecumenical Temple.
  5209 | Temple   | Entered the Ecumenical Temple
  5214 | Temple   | Became a worshipper of the Wu Jian Council
  5354 | D:4      | Reached skill level 9 in Stealth
  5598 | D:5      | Entered Level 5 of the Dungeon
  5602 | D:5      | Reached XP level 7. HP: 35/35 MP: 8/8
  5757 | D:5      | Found a glowing drain.
  5768 | Sewer    | Entered a sewer
  6030 | Sewer    | Reached skill level 5 in Short Blades
  6160 | Sewer    | Found a white marble altar of Elyvilon.
  6320 | D:5      | Noticed a hippogriff
  6326 | D:5      | Killed a hippogriff
  6374 | D:5      | Reached skill level 10 in Stealth
  6423 | D:5      | Reached skill level 5 in Dodging
  6677 | D:5      | Reached * piety under Wu Jian
  6731 | D:5      | Reached XP level 8. HP: 39/39 MP: 9/9
  7281 | D:5      | Learned a level 1 spell: Confusing Touch
  7370 | D:5      | Found Ogon's General Store.
  7374 | D:5      | Bought a potion of curing for 45 gold pieces
  7532 | D:5      | Reached ** piety under Wu Jian
  7752 | D:6      | Found Foocvakh's Gadget Emporium.
  7817 | D:6      | Found Wuted's Food Emporium.
  8356 | D:6      | Reached skill level 11 in Stealth
  8739 | D:7      | Reached skill level 1 in Spellcasting
  8885 | D:7      | Reached skill level 1 in Hexes
  8885 | D:7      | Reached XP level 9. HP: 17/44 MP: 12/12
  9213 | D:7      | Reached *** piety under Wu Jian
  9227 | D:7      | Noticed Pikel
  9232 | D:7      | Noticed Menkaure
  9250 | D:7      | Killed Pikel
  9286 | D:7      | Killed Menkaure
  9545 | D:7      | Found Jucerchizid's Assorted Antiques.
  9615 | D:7      | Found a basalt altar of Yredelemnul.
 10113 | D:8      | Noticed Harold
 10122 | D:8      | Killed Harold
 10122 | D:8      | Reached skill level 12 in Stealth
 10321 | D:8      | Noticed Gastronok
 10653 | D:8      | Killed Gastronok
 10653 | D:8      | Reached skill level 1 in Evocations
 10653 | D:8      | Reached XP level 10. HP: 26/51 MP: 15/18
 10946 | D:8      | Noticed Joseph
 11208 | D:8      | Killed Joseph
 11208 | D:8      | Reached skill level 5 in Spellcasting
 11497 | D:3      | Killed Brecoman's ghost
 11820 | D:8      | Found a staircase to the Lair.
 11860 | D:8      | Reached skill level 13 in Stealth
 12365 | D:8      | Noticed Erica
 12390 | Lair:1   | Entered Level 1 of the Lair of Beasts
 12592 | Lair:1   | Reached skill level 10 in Dodging
 12798 | D:8      | Killed Erica
 12798 | D:8      | Reached skill level 5 in Hexes
 13042 | D:8      | Identified the Volume of Cold
 13068 | D:8      | Reached **** piety under Wu Jian
 13659 | D:9      | Noticed Erolcha
 13666 | D:9      | Killed Erolcha
 13666 | D:9      | Reached XP level 11. HP: 54/54 MP: 20/20
 14069 | D:9      | You fall through a shaft!
 14069 | D:10     | Entered Level 10 of the Dungeon
 14323 | D:9      | Learned a level 3 spell: Confuse
 15214 | D:10     | Reached skill level 10 in Short Blades
 15575 | D:11     | Reached ***** piety under Wu Jian
 15629 | D:11     | Reached skill level 5 in Fighting
 16320 | D:11     | Reached skill level 14 in Stealth
 16472 | D:11     | Noticed a red ugly thing
 16501 | D:11     | Killed a red ugly thing
 16953 | D:11     | Noticed a two-headed ogre
 16956 | D:11     | Killed a two-headed ogre
 16998 | D:11     | Found a staircase to the Orcish Mines.
 17239 | D:12     | Noticed Rupert
 17281 | D:12     | Slain by Rupert

Skill      XL: |  1  2  3  4  5  6  7  8  9 10 11 |
---------------+----------------------------------+-----
Stealth        | 6 7 8 9 10 11 12 13 14 | 14.4
Dodging        | 2 3 5 7 9 11 12 | 12.1
Short Blades   | 3 4 5 7 9 10 | 10.5
Fighting       | 2 3 4 5 |  5.2
Throwing       | 3 |  3.1
Spellcasting   | 1 4 5 7 |  7.4
Hexes          | 1 4 5 6 |  6.8
Evocations     | 1 2 |  2.6

Action                   |  1- 3 |  4- 6 |  7- 9 | 10-12 || total
-------------------------+-------+-------+-------+-------++-------
Melee: Dagger            |   117 |    79 |       |       ||   196
       Short sword       |       |    79 |   426 |   591 ||  1096
       Blowgun           |       |       |     2 |     1 ||     3
 Fire: Blowgun           |     4 |    19 |    10 |     2 ||    35
 Cast: Confusing Touch   |       |       |       |    10 ||    10
Invok: Lunge             |       |     2 |    33 |    37 ||    72
       Whirlwind         |       |       |    17 |    65 ||    82
       Serpent's Lash    |       |       |       |     1 ||     1
 Abil: Wall Jump         |       |       |       |    26 ||    26
Evoke: Wand              |       |       |    12 |     1 ||    13
  Use: Potion            |       |     2 |     4 |     1 ||     7
       Scroll            |       |       |    17 |     2 ||    19
 Stab: Sleeping          |    16 |    14 |    23 |    22 ||    75
       Distracted        |     1 |       |     1 |     3 ||     5
       Fleeing           |       |       |       |     1 ||     1
       Confused          |       |       |       |     7 ||     7
  Eat: Ration            |       |     1 |     3 |     4 ||     8
Armor: Robe              |    13 |    23 |    17 |     9 ||    62
Dodge: Dodged            |    58 |   146 |   330 |   363 ||   897
